AoeStats
← TERRES300

Fortress

510224864Analyzed
4v4 RM · 2d ago on Sep 30, 2026· 51m 34s· 8 players
Game mode
Random Map
Map size
Huge
Population
200
Speed
Normal
Resources
Standard
Victory
Conquest
Starting age
Dark Age
Ending age
Imperial Age
RankedLock teamsTeams togetherTeam positionsShared explorationLock speedFull tech treeHidden civsTurbo modeCheats
Victory
Defeat
🇲🇽 Koreans · Mexico
1574
+3
🇺🇸 Hindustanis · United States
1120
+17
🇺🇸 Japanese · United States
1059
+19
🇦🇷 Turks · Argentina
1011
+21
🇨🇳 Khitans · China
1175
-16
🇨🇳 Saracens · China
1161
-16
🇲🇽 Aztecs · Mexico
1155
-14
🇹🇼 Mongols · Taiwan
1151
-14
TERRES300
8:24 Feudal Age
6:43 Loom
9:41 Double-Bit Axe
9:44 Horse Collar
12:22 Castle Age
11:08 Forging
11:04 Padded Archer Armor
11:07 Scale Mail Armor
13:03 Forging
12:44 Arson
14:36 Squires
15:52 Fletching
17:22 Elite Skirmisher
18:24 Bow Saw
18:22 Gold Mining
19:45 Leather Archer Armor
20:32 Chain Mail Armor
20:47 Heavy Plow
21:11 Bodkin Arrow
22:28 Iron Casting
24:03 Wheelbarrow
25:07 Hand Cart
25:45 Ballistics
26:05 Gold Shaft Mining
30:50 Imperial Age
28:13 Town Watch
28:37 Eagle Warrior
29:13 Stone Mining
30:29 Town Patrol
30:35 Atlatl
32:04 Plate Mail Armor
31:35 Bracer
31:58 Conscription
31:17 Pikeman
32:55 Crop Rotation
34:05 Blast Furnace
35:42 Chemistry
36:35 Man-at-Arms
37:46 Long Swordsman
40:46 Two-Handed Swordsman
41:31 Champion
老k
8:48 Feudal Age
13:00 Castle Age
10:49 Domestication
11:10 Double-Bit Axe
11:53 Town Watch
13:32 Loom
14:36 Bow Saw
14:27 Pastoralism
18:47 Scale Mail Armor
20:01 Forging
19:50 Gambesons
23:28 Fletching
24:02 Thumb Ring
24:16 Bodkin Arrow
24:06 Elite Skirmisher
24:55 Padded Archer Armor
26:02 Leather Archer Armor
27:49 Ballistics
28:20 Wheelbarrow
29:48 Iron Casting
32:17 Imperial Age
33:18 Bracer
33:49 Ring Archer Armor
34:21 Chemistry
35:14 Squires
35:30 Chain Mail Armor
Taiwan_倫仔
7:15 Feudal Age
7:50 Double-Bit Axe
12:48 Castle Age
11:41 Gold Mining
14:01 Bow Saw
14:29 Fervor
14:28 Horse Collar
15:18 Loom
21:48 Wheelbarrow
21:33 Heavy Plow
26:07 Imperial Age
23:01 Pikeman
23:42 Squires
24:51 Gold Shaft Mining
24:07 Stone Mining
25:33 Hand Cart
25:05 Town Watch
25:33 Scale Barding Armor
25:39 Forging
26:51 Stone Shaft Mining
26:27 Fletching
26:38 Padded Archer Armor
27:04 Ballistics
29:21 Chain Barding Armor
30:32 Light Cavalry
31:23 Bloodlines
33:04 Iron Casting
32:24 Bodkin Arrow
32:45 Leather Archer Armor
32:30 Scale Mail Armor
34:55 Blast Furnace
33:57 Hussar
35:24 Heavy Camel Rider
35:38 Heavy Camel Rider
37:05 Chain Mail Armor
36:53 Bracer
38:33 Squires
38:18 Arson
39:37 Elite Mangudai
40:22 Nomads
41:31 Chemistry
42:42 Squires
42:28 Arson
飞鱼
1:37 Loom
5:43 Loom
8:10 Feudal Age
9:23 Double-Bit Axe
9:21 Horse Collar
10:19 Wheelbarrow
13:19 Castle Age
12:35 Stone Mining
12:53 Gold Mining
14:04 Scale Barding Armor
14:53 Gold Shaft Mining
20:46 Bow Saw
20:38 Heavy Plow
23:00 Fortified Wall
27:22 Imperial Age
28:22 Elite Mameluke
29:29 Conscription
29:57 Murder Holes
30:57 Chain Barding Armor
35:09 Plate Barding Armor
34:40 Heavy Camel Rider
35:32 Bloodlines
35:23 Husbandry
37:59 Forging
40:09 Iron Casting
VENÓN | Behemoth
7:59 Feudal Age
11:33 Castle Age
9:57 Double-Bit Axe
10:00 Horse Collar
15:27 Fletching
19:34 Wheelbarrow
19:40 Bodkin Arrow
23:10 Husbandry
24:05 Gold Mining
24:24 Loom
24:54 Hand Cart
28:50 Imperial Age
26:36 Devotion
27:51 Ballistics
28:49 Eupseong
29:32 Bracer
30:34 Chemistry
29:56 Conscription
30:19 Bow Saw
30:31 Scale Mail Armor
30:41 Forging
30:33 Squires
30:19 Arson
31:26 Masonry
31:12 Murder Holes
31:48 Elite Fire Lancer
32:44 Chain Mail Armor
33:05 Iron Casting
33:11 Treadmill Crane
34:02 Architecture
34:22 Plate Mail Armor
35:04 Elite War Wagon
38:41 Heavy Plow
39:42 Two-Man Saw
39:18 Gold Shaft Mining
38:34 Stone Mining
39:09 Shinkichon
40:55 Siege Engineers
42:25 Stone Shaft Mining
47:10 Coinage
46:51 Guilds
47:13 Coinage
50:32 Spies/Treason
TheYolis
1:51 Loom
7:44 Feudal Age
12:55 Castle Age
11:11 Double-Bit Axe
11:09 Horse Collar
15:08 Wheelbarrow
18:45 Hand Cart
20:16 Bow Saw
21:36 Fervor
21:40 Gold Mining
21:40 Stone Mining
21:58 Heavy Plow
26:49 Imperial Age
27:44 Gold Shaft Mining
27:34 Scale Barding Armor
27:40 Forging
27:00 Heavy Camel Rider
27:51 Bloodlines
27:41 Husbandry
29:26 Chain Barding Armor
29:42 Iron Casting
28:48 Imperial Camel Rider
31:08 Two-Man Saw
31:41 Conscription
32:47 Chemistry
32:09 Ballistics
33:28 Plate Barding Armor
33:55 Blast Furnace
32:53 Town Watch
36:55 Stone Shaft Mining
50:26 Spies/Treason
[ATARB] ExDic Nicolas Maduro
6:55 Feudal Age
10:55 Castle Age
9:24 Double-Bit Axe
13:33 Loom
13:35 Town Watch
15:03 Bow Saw
18:40 Wheelbarrow
19:42 Gold Mining
19:37 Horse Collar
22:12 Heavy Plow
24:23 Hand Cart
27:57 Imperial Age
26:02 Elite Skirmisher
26:48 Thumb Ring
26:44 Fletching
26:55 Scale Mail Armor
27:02 Padded Archer Armor
29:22 Conscription
29:36 Elite Samurai
32:42 Chemistry
31:59 Leather Archer Armor
31:40 Bodkin Arrow
33:48 Heavy Scorpion
35:32 Bracer
36:02 Ring Archer Armor
35:48 Chain Mail Armor
35:43 Forging
38:10 Arson
37:46 Pikeman
40:04 Squires
41:43 Guard Tower
41:38 Arrowslits
42:14 Ballistics
41:52 Murder Holes
42:06 Capped Ram
44:21 Halberdier
45:33 Plate Mail Armor
45:38 Iron Casting
50:55 Bloodlines
50:06 Light Cavalry
50:46 Husbandry
jimmi
0:32 Loom
7:16 Feudal Age
12:29 Castle Age
11:04 Double-Bit Axe
11:04 Horse Collar
13:20 Wheelbarrow
27:08 Imperial Age
26:35 Bow Saw
26:31 Heavy Plow
26:49 Padded Archer Armor
26:40 Fletching
27:04 Gold Mining
27:04 Stone Mining
27:56 Bloodlines
29:24 Forging
30:04 Husbandry
30:19 Bodkin Arrow
32:20 Scale Barding Armor
32:33 Leather Archer Armor
37:52 Iron Casting
37:38 Heavy Camel Rider
44:45 Scale Mail Armor
45:16 Ring Archer Armor
44:46 Bracer
47:53 Bracer
50:04 Blast Furnace
49:25 Chain Barding Armor
50:38 Conscription
Connection lost

Rejoining the realm…

Still unreachable

The connection could not be restored.

Session expired

The server has moved on; the page needs a fresh start.